 Dungeon Crawl Stone Soup version 0.31.0-32-g396128a36d (webtiles) character file.

Game seed: 6137774017467980895

1 CaptainMV the Grave Robber (level 1, -3/13 HPs)
             Began as a Demonspawn Wanderer on Apr 17, 2024.
             Frozen to death by an endoplasm (5 damage)
             ... on level 1 of the Dungeon.
             The game lasted 00:01:42 (187 turns).

CaptainMV the Grave Robber (Demonspawn Wanderer)     Turns: 187, Time: 00:01:43

Health: -3/13      AC:  3    Str: 11    XL:     1   Next: 16%
Magic:  2/2        EV: 11    Int: 16    God:
Gold:   66         SH:  0    Dex:  9    Spells: 1/2 levels left

rFire   . . .        a - +0 dagger
rCold   . . .        (no shield)
rNeg    . . .        d - +1 robe
rPois   .            (no helmet)
rElec   .            (no cloak)
rCorr   .            (no gloves)
SInv    .            (no boots)
Will    .....        (no amulet)
Stlth   +            (no ring)
HPRegen 0.22/turn    (no ring)
MPRegen 0.08/turn

%: no passive effects
@: no status effects
A: no striking features
a: no special abilities


You were on level 1 of the Dungeon.
You visited 1 branch of the dungeon, and saw 1 of its levels.

You collected 66 gold pieces.

Inventory:

Hand Weapons
 a - a +0 dagger (weapon)
Missiles
 b - 9 boomerangs (quivered)
Armour
 d - a +1 robe (worn)
Potions
 c - 2 potions of curing
 e - a potion of brilliance {unknown}
 f - a potion of invisibility {unknown}


   Skills:
 + Level 2.6 Throwing
 + Level 1.7 Armour
 + Level 1.0 Spellcasting
 + Level 4.4 Necromancy


You had one spell level left.
You knew the following spells:

 Your Spells              Type           Power      Damage    Failure   Level
a - Kiss of Death         Conj/Necr      28%        2d7       10%         1

Your spell library contained the following spells:

 Spells                   Type           Power      Damage    Failure   Level
 Dispel Undead            Necr           15%        3d10      36%         4
 Martyr's Knell           Necr/Summ      7%         N/A       67%         4


Dungeon Overview and Level Annotations

Branches:
Dungeon (1/15)

Altars:


Message History

You hit the ball python.
The ball python is moderately wounded.
The ball python bites you. The ball python constricts you.
You hit the ball python.
The ball python is heavily wounded.
The ball python bites you. The ball python constricts you.
The ball python bites you but does no damage.
The ball python constricts you.
You hit the ball python.
You kill the ball python!
You now have 66 gold pieces (gained 12).
An endoplasm comes into view.
You hit the endoplasm but do no damage.
The endoplasm hits you but does no damage.
You barely miss the endoplasm. The endoplasm closely misses you.
You hit the endoplasm.
The endoplasm is lightly wounded.
The endoplasm freezes you.
You are frozen.
You hit the endoplasm.
You punch the endoplasm, but do no damage.
The endoplasm is lightly wounded.
The endoplasm closely misses you.
You barely miss the endoplasm.
The endoplasm is lightly wounded.
The endoplasm closely misses you.
You hit the endoplasm.
The endoplasm is moderately wounded.
The endoplasm freezes you.
You are frozen.
You barely miss the endoplasm.
The endoplasm is moderately wounded.
The endoplasm freezes you.
You are frozen.
* * * LOW HITPOINT WARNING * * *
You hit the endoplasm but do no damage.
The endoplasm is moderately wounded.
The endoplasm freezes you.
You are frozen.
You die...

#.....# #.....#
#.....# #.....#
#.....#
#.....########
#..J..##.....# #
#..@..##.....# #
#(....##.....# ####
#............####...
###.......#####...##
#.......# #..###
#...##### ##'#####
##...# #.......
#....# #.......
#....# #.......


You could see an endoplasm.

Vanquished Creatures
  A ball python (D:1)
1 creature vanquished.

Notes
Turn   | Place    | Note
-------+----------+-------------------------------------------
     0 | D:1      | CaptainMV the Demonspawn Wanderer began the quest for the
                  | Orb.
     0 | D:1      | CaptainMV set off with the following items: a +0 dagger, 9
                  | boomerangs, 2 potions of curing, a +0 robe; and the
                  | following spell memorised: Kiss of Death; and the following
                  | spells available to memorise: Dispel Undead, Martyr's
                  | Knell.
     0 | D:1      | Reached XP level 1. HP: 13/13 MP: 2/2
   187 | D:1      | Frozen to death by an endoplasm

Illustrated notes

Levels and vault maps discovered:
D:1:      scummos_arrival_forest, layout_basic

Action                     || total
---------------------------++-------
  Melee: Dagger            ||    13
         Punch             ||     1
    Use: Scroll            ||     2
 Armour: Robe              ||     6
  Dodge: Dodged            ||     5
